 Dungeon Crawl Stone Soup version 0.29.1-15-g9cfb28693d (webtiles) character file.

Game seed: 15260770081432797626

573 cdecastro the Cleaver (level 7, -2/57 HPs)
             Began as a Minotaur Fighter on Mar 5, 2023.
             Slain by an ogre
             ... wielding a +0 giant club
              (32 damage)
             ... on level 4 of the Dungeon.
             The game lasted 00:09:15 (3820 turns).

cdecastro the Cleaver (Minotaur Fighter)            Turns: 3820, Time: 00:09:16

Health: -2/57      AC: 11    Str: 23    XL:     7   Next: 12%
Magic:  6/6        EV:  9    Int:  5    God:
Gold:   211        SH:  0    Dex:  9    Spells: 6/6 levels left

rFire   . . .      SeeInvis .   a - +0 war axe
rCold   . . .      Faith    .   (no shield)
rNeg    . . .      Spirit   .   b - +0 scale mail
rPois   .          Reflect  .   (helmet restricted)
rElec   .          Harm     .   h - +2 cloak
rCorr   .          Rampage  .   v - +0 pair of gloves
Will    .....                   (no boots)
Stlth   ..........              (no amulet)
HPRegen 0.19/turn               (no ring)
MPRegen 0.10/turn               (no ring)

@: no status effects
A: horns 2, retaliatory headbutt
a: no special abilities


You were on level 4 of the Dungeon.
You visited 1 branch of the dungeon, and saw 4 of its levels.
You also visited: Sewer.

You collected 211 gold pieces.

Inventory:

Hand Weapons
 a - a +0 war axe (weapon)
Missiles
 f - 3 poisoned darts (quivered)
 u - 4 boomerangs
Armour
 b - a +0 scale mail (worn)
 c - a +0 buckler
 h - a +2 cloak (worn)
 v - a +0 pair of gloves (worn)
Wands
 r - a wand of roots (17)
 t - a wand of digging (3)
Scrolls
 e - a scroll of noise {unknown}
 g - a scroll of fog {unknown}
 i - 2 scrolls of magic mapping {unknown}
 k - 2 scrolls of blinking {unknown}
 l - a scroll of immolation {unknown}
 n - 2 scrolls of vulnerability {unknown}
 o - a scroll of summoning {unknown}
 p - a scroll of poison {unknown}
 s - a scroll of amnesia {unknown}
 y - a scroll of silence
 A - 3 scrolls of enchant weapon {unknown}
 B - a scroll of teleportation {unknown}
 C - a scroll of enchant armour {unknown}
Potions
 d - 4 potions of might
 j - a potion of haste
 m - a potion of lignification
 q - a potion of cancellation
 w - a potion of berserk rage
 x - 3 potions of curing
 z - a potion of attraction


   Skills:
 - Level 3.6 Fighting
 + Level 9.5 Axes
 - Level 3.6 Armour
 - Level 3.6 Shields


You had 6 spell levels left.
You didn't know any spells.
Your spell library contained the following spells:

 Spells                   Type           Power      Damage    Failure   Level
 Ensorcelled Hibernation  Hex/Ice        0%         N/A       89%         2
 Passwall                 Tmut/Erth      0%         N/A       89%         2
 Inner Flame              Hex/Fire       0%         N/A       98%         3
 Swiftness                Air            0%         N/A       98%         3
 Cause Fear               Hex            0%         N/A       100%        4
 Discord                  Hex            0%         N/A       100%        8


Dungeon Overview and Level Annotations

Branches:
Dungeon (4/15)              Sewer (visited)
 Temple: D:4-7

Altars:
Cheibriados
Qazlal
Trog

Annotations:
D:4 Blork the orc


Innate Abilities, Weirdness & Mutations

You have a pair of horns on your head.
You reflexively headbutt those who attack you in melee.


Message History

You closely miss the ball python. Your headbutt misses the ball python.
The ball python bites you but does no damage.
The ball python misses you. The ball python closely misses you.
The ball python grabs you. The ball python constricts you.
You closely miss the ball python.
The ball python bites you but does no damage.
The ball python constricts you.
You slash the ball python!
You kill the ball python!
No target in view!
No target in view!
HP restored.
Found a stormy altar of Qazlal.
C - a scroll labelled BAELUA EDDUNE The ogre shouts!
A giant cockroach comes into view.
There are monsters nearby!
The giant cockroach bites you but does no damage.
You hit the giant cockroach.
You headbutt the giant cockroach, but do no damage.
The giant cockroach is moderately wounded.
The giant cockroach barely misses you.
You slash the giant cockroach!
You kill the giant cockroach!
You slash the ogre! You headbutt the ogre.
The ogre is moderately wounded.
The ogre hits you with a +0 giant club!!
You hit the ogre.
The ogre is heavily wounded.
The ogre closely misses you.
You hit the ogre. Your headbutt misses the ogre.
The ogre is heavily wounded.
You hit the ogre but do no damage.
The ogre is heavily wounded.
The ogre hits you with a +0 giant club.
You hit the ogre.
The ogre is heavily wounded.
The ogre hits you with a +0 giant club!!
Ouch! That really hurt!
You die...

..... ...# .### ...#####...###
.......#... ..
.#.......####.###
##..[....##.....## #
.........#.......#.# $.#
#).>.....#.......#.####..###
#...#........_..@O.........#
..###....#.......#........###
..# #....#.......#..........#
.####....##.....##...........
..##.....####.####..........!.
...#...............<......#...
#.##.............###......#...
................## #..........
##..#####.......#####.......#


You could see an ogre.

Vanquished Creatures
  A water moccasin (D:4)
  An ogre (D:4)
  2 bullfrogs (Sewer)
  Jessica (D:2)
  6 adders
  5 river rats
  3 worms
  4 dart slugs
  An orc (D:3)
  8 endoplasms
  6 giant cockroaches
  7 goblins
  5 hobgoblins
  3 kobolds
  2 quokkas
  25 ball pythons
  3 bats
  8 frilled lizards
  37 rats
128 creatures vanquished.

Vanquished Creatures (others)
  A wizard (D:3)
1 creature vanquished.

Grand Total: 129 creatures vanquished

Notes
Turn   | Place    | Note
-------+----------+-------------------------------------------
     0 | D:1      | cdecastro the Minotaur Fighter began the quest for the Orb.
     0 | D:1      | Reached XP level 1. HP: 19/19 MP: 0/0
    74 | D:1      | Reached skill level 3 in Axes
   215 | D:1      | Reached XP level 2. HP: 23/26 MP: 1/1
   735 | D:1      | Reached skill level 4 in Axes
  1002 | D:2      | Reached XP level 3. HP: 13/31 MP: 2/2
  1559 | D:2      | Found a faded altar of an unknown god.
  1559 | D:2      | Noticed Jessica
  1569 | D:2      | Killed Jessica
  1570 | D:2      | Reached skill level 5 in Axes
  1570 | D:2      | Reached XP level 4. HP: 34/39 MP: 3/3
  2092 | D:3      | Found a bloodstained altar of Trog.
  2445 | D:3      | Noticed a wizard
  2448 | D:3      | Killed a wizard
  2582 | D:4      | Reached skill level 6 in Axes
  2584 | D:4      | Noticed an ogre
  2585 | D:4      | Noticed Blork the orc
  2637 | D:4      | Noticed a water moccasin
  2644 | D:4      | Killed a water moccasin
  2645 | D:4      | Reached skill level 7 in Axes
  2645 | D:4      | Reached XP level 5. HP: 42/45 MP: 4/4
  2663 | D:4      | Noticed an ogre
  2672 | D:4      | Killed an ogre
  2673 | D:4      | Reached XP level 6. HP: 38/51 MP: 5/5
  2688 | D:4      | Found a snail-covered altar of Cheibriados.
  2755 | D:4      | Reached skill level 8 in Axes
  2832 | D:4      | Found a glowing drain.
  2836 | Sewer    | Entered a sewer
  3521 | Sewer    | Reached skill level 9 in Axes
  3531 | Sewer    | Reached XP level 7. HP: 45/57 MP: 6/6
  3804 | D:4      | Found a stormy altar of Qazlal.
  3820 | D:4      | Slain by an ogre

Illustrated notes

Levels and vault maps discovered:
D:1:      sevenhm_arrival_forest_fort_small_3, layout_basic
D:2:      layout_loops_ring, chequers_ecumenical_altar_simple, uniq_jessica
D:3:      layout_loops_ring, trog_wizard
D:4:      layout_cave_pools, kennysheep_slug_shrine, old_standard_altar,
          gup_sewer_entry_spiral, uniq_blork_the_orc

Skill      XL: |  1  2  3  4  5  6 |
---------------+-------------------+-----
Axes           | 3 4 5 7 9 |  9.5
Fighting       | |  3.6
Armour         | |  3.6
Shields        | |  3.6

Action                   |  1- 3 |  4- 6 |  7- 9 || total
-------------------------+-------+-------+-------++-------
Melee: War axe           |    98 |   169 |    12 ||   279
       Headbutt          |     8 |    18 |     2 ||    28
       Punch             |     1 |     1 |       ||     2
  Use: Potion            |       |     1 |       ||     1
       Scroll            |       |     7 |     1 ||     8
Armor: Scale mail        |    57 |    72 |     4 ||   133
Dodge: Dodged            |    51 |    93 |     6 ||   150
